 Dungeon Crawl Stone Soup version 0.17-a0-1435-geafbe2f (webtiles) character file.

133 pulse the Chopper (level 5, -4/38 HPs)
             Began as a Human Gladiator on June 26, 2015.
             Killed by nerve-wracking pain
             ... invoked by Grinder
              (14 damage)
             ... on level 3 of the Dungeon.
             The game lasted 00:06:49 (2125 turns).

pulse the Chopper (Human Gladiator)                 Turns: 2125, Time: 00:06:49

Health: -4/38      AC:  9    Str: 16    XL:     5   Next: 39%
Magic:  5/5        EV:  7    Int:  8    God:
Gold:   95         SH:  0    Dex: 14    Spells: 0 memorised, 4 levels left

rFire  + + .     SeeInvis .     o - +1 battleaxe
rCold  x . .     Clarity  .     g - +0 chain mail
rNeg   . . .     SustAt   .     (no shield)
rPois  .         Gourm    .     m - +0 helmet
rElec  .         Spirit   .     (no cloak)
rCorr  .         Warding  .     (no gloves)
rMut   .         Stasis   .     (no boots)
MR     .....                    (no amulet)
Stlth  ..........               k - ring of protection from fire
                                j - ring of fire

@: not resistant to hostile enchantments, extremely unstealthy
A: no striking features
a: no special abilities


You were on level 3 of the Dungeon.
You were not hungry.

You visited 1 branch of the dungeon, and saw 3 of its levels.

You collected 95 gold pieces.

Inventory:

Hand weapons
 a - a +0 war axe
 o - a +1 battleaxe (weapon)
Missiles
 d - 3 throwing nets (quivered)
Armour
 b - a +0 leather armour
 g - a +0 chain mail (worn)
 m - a +0 helmet (worn)
Jewellery
 j - a ring of fire (left hand)
 k - a ring of protection from fire (right hand)
Magical devices
 f - a wand of fireball (5)
Scrolls
 c - a scroll of teleportation {unknown}
 h - 3 scrolls of remove curse
 n - a scroll of enchant weapon
Potions
 q - 2 potions of flight {unknown}
Comestibles
 e - 3 bread rations
 i - 2 meat rations
 p - 3 fruits


   Skills:
 - Level 2.0 Fighting
 * Level 5.3 Axes
 - Level 2.0 Throwing
 + Level 1.7 Armour
 - Level 3.0 Dodging


You had 4 spell levels left.
You didn't know any spells.

Dungeon Overview and Level Annotations

Branches:
Dungeon (3/15)

Altars:

Annotations:
D:3 Grinder


Message History

Grinder gestures at you. Pain shoots through your body! Grinder hits you.
All of the chunks of flesh in your inventory have rotted away.
Your chain mail prevents you from hitting Grinder.
Grinder is moderately wounded.
Grinder hits you.
You writhe in agony.
Your chain mail prevents you from hitting Grinder.
Grinder is moderately wounded.
Grinder hits you.
You writhe in agony.
Grinder hits you but does no damage.
You slash Grinder!
Grinder is heavily wounded.
Grinder hits you.
* * * LOW HITPOINT WARNING * * *
You writhe in agony.
* * * LOW HITPOINT WARNING * * *
You are too injured to fight recklessly!
You feel better. Grinder gestures at you. Pain shoots through your body!
You die...

.#[...........
...#...................#
...##..................#
#......................#
#......####.............
##.......##.........$...
.#..........##.#......
.......#.........5.#
...........#....@.#
..................#
.##...##.......!#.#
.............#......#
....#..........##...#
................(.....
...#..###......#####.##
##....# #......# ..
.....####...(.##


You could see Grinder.

Vanquished Creatures
  Jessica (D:3)
  Robin (D:2)
  3 adders (D:2)
  A worm (D:3)
  An orc (D:3)
  3 giant cockroaches
  3 hobgoblins
  8 bats
  7 giant geckos
  A giant newt (D:1)
  14 goblins
  8 kobolds
  6 quokkas
  8 rats
65 creatures vanquished.

Notes
Turn   | Place    | Note
--------------------------------------------------------------
     0 | D:1      | pulse the Human Gladiator began the quest for the Orb.
     0 | D:1      | Reached XP level 1. HP: 16/16 MP: 1/1
   513 | D:1      | Reached XP level 2. HP: 17/22 MP: 2/2
   992 | D:2      | Reached XP level 3. HP: 25/27 MP: 3/3
  1001 | D:2      | Reached skill level 4 in Axes
  1171 | D:2      | Reached skill level 1 in Armour
  1171 | D:2      | Reached XP level 4. HP: 20/33 MP: 4/4
  1545 | D:3      | Noticed Robin
  1576 | D:2      | Killed Robin
  1799 | D:3      | Reached skill level 5 in Axes
  1799 | D:3      | Reached XP level 5. HP: 28/38 MP: 5/5
  1898 | D:3      | Noticed Jessica
  1899 | D:3      | Killed Jessica
  2115 | D:3      | Noticed Grinder
  2125 | D:3      | Killed from afar by Grinder

Vault maps used:
D:1:      lemuel_arrival_hallway
D:3:      first_bread, uniq_grinder, uniq_robin, uniq_jessica

Action                   |  1- 3 |  4- 6 || total
-------------------------+-------+-------++-------
Melee: War axe           |   105 |     7 ||   112
       Battleaxe         |       |    61 ||    61
Evoke: Wand              |       |     1 ||     1
  Use: Potion            |       |     4 ||     4
       Scroll            |       |     2 ||     2
  Eat: Chunk             |     1 |     3 ||     4
